[Event "26th Tamil Nadu IM-Norm Chennai 2024"]
[Site "Chennai"]
[Date "2024.09.02"]
[Round "5.1"]
[White "Pawar, Harshit"]
[Black "Harshad S"]
[Result "1-0"]
[Annotator "TA"]
[ECO "B23"]
[WhiteElo "2284"]
[BlackElo "2275"]
[PlyCount "101"]
[EventDate "2024.08.30"]
[EventCountry "IND"]
[SourceTitle "playchess.com"]
[Source "ChessBase"]
[SourceQuality "1"]
[TimeControl "5400+30"]

1. e4 c5 2. Nc3 d6 3. d4 cxd4 4. Qxd4 Nc6 5. Qd2 g6 6. b3 Bh6 7. f4 Nf6 8. Bb2 {[%emt 0:00:03] The position is equal.} O-O 9. O-O-O e5 10. g3 Re8 11. Bg2 Bg4 12. Nge2 exf4 13. Kb1 (13. gxf4 {simplifies} Bxe2 14. Nxe2 Nxe4 15. Bxe4 Rxe4 16. Kb1) 13... Bxe2 14. Nxe2 f3 15. Qxh6 fxe2 (15... fxg2 $11 {remains equal.} 16. Rhg1 Rxe4 17. Rxg2 Qe7) 16. Rde1 Ne5 17. Rxe2 Rc8 18. Bh3 Rc6 19. Rf1 {[%emt 0:00:48] Ref2 would now be deadly.} Qe7 $2 {[%emt 0:01:27][%mdl 8192] [#] Loses the game.} (19... Rc7 $16 {is more resistant.} 20. Qe3 a6) 20. Ref2 $1 $18 Nh5 (20... Nxe4 $142 21. Rxf7 (21. Bxe5 Qxe5 22. Rxf7 Nc3+ 23. Kc1 Nxa2+ 24. Kb1 Nc3+ 25. Kc1 Ne2+ 26. Kb1 Nc3+ 27. Kc1 Na2+ 28. Kb1 Nc3+ $11) 21... Qxf7) 21. Bxe5 dxe5 22. Rxf7 Qxf7 23. Rxf7 Kxf7 24. Bd7 Nf6 25. Bxe8+ Kxe8 {[%emt 0:00:10][%cal Bf7e8,Be8d7,Bd7c7,Bc7b7][%mdl 4128] Endgame. KQ-KRN} 26. Qg7 b6 27. Qxa7 Nxe4 (27... Re6 $142 28. a4 Ng8 29. Qxh7 Ne7 30. Qh8+ Kf7) 28. Qb8+ Kd7 29. Qxe5 Nf6 30. a4 Re6 31. Qb5+ Kc7 32. Kb2 Nd7 33. Qc4+ Rc6 34. Qf7 h5 35. b4 Rf6 36. Qc4+ Kb7 37. h3 Rc6 38. Qd5 {[%emt 0:00:11][%cal Ob4b5] [#] Strongly threatening b5!} Kc7 39. c4 Rd6 40. Qe4 Rf6 41. Kc3 Rf5 42. g4 hxg4 43. hxg4 Rf6 44. Qa8 Rf4 45. a5 bxa5 46. Qxa5+ Kc8 47. c5 {[%emt 0:00:38] Threatening mate with Qa8+.} Rf6 48. g5 {[%emt 0:00:29] White mates.} Rc6 49. Kd4 Kb7 50. Qb5+ Kc7 51. Kd5 {[%emt 0:00:11] Weighted Error Value: White=0.12 (very precise) /Black=0.47.  Loses game:     	---       	Black=1      Mistake:       	---       	Black=3      Inaccurate:     	---       	Black=2      OK:         	White=10    	Black=6      Best:        	White=1     	---        Strong:       	White=1     	---} 1-0

[Event "26th Tamil Nadu IM-Norm Chennai 2024"]
[Site "Chennai"]
[Date "2024.09.02"]
[Round "5.2"]
[White "Rohit S"]
[Black "Borgaonkar Akshay"]
[Result "0-1"]
[Annotator "RC"]
[ECO "B11"]
[WhiteElo "2311"]
[BlackElo "2412"]
[PlyCount "138"]
[EventDate "2024.08.30"]
[EventCountry "IND"]
[SourceTitle "playchess.com"]
[Source "ChessBase"]
[SourceQuality "1"]
[TimeControl "5400+30"]

1. e4 c6 2. Nc3 d5 3. Nf3 Bg4 4. h3 Bxf3 5. Qxf3 e6 6. Be2 Bc5 7. Qg3 Bd4 8. O-O Ne7 9. Bd1 O-O 10. exd5 cxd5 11. Ne2 Bb6 12. d4 Nd7 13. c3 Nf6 14. Bc2 Ng6 15. Qf3 Bc7 16. g3 Qd6 17. Bg5 Nd7 18. Rad1 b5 19. Qd3 Qc6 20. h4 Bd8 21. Bc1 Nf6 22. Qf3 Ne7 23. Nf4 Ne4 24. Rfe1 f5 25. Qg2 Ng6 26. Nd3 Bc7 27. h5 Nh8 28. Qh3 Nf7 29. f3 Neg5 30. Qg2 Rae8 31. Re2 Qd6 32. Bf4 Qb6 33. Rde1 Re7 34. a4 h6 35. Nb4 Rd7 36. axb5 e5 37. Bxf5 Rdd8 38. Bxe5 Nxe5 39. Rxe5 Bxe5 40. Rxe5 Qxb5 41. f4 Nf7 42. Be6 Kh8 43. Rf5 Qe8 44. Bxd5 Qd7 45. Be4 Rde8 46. Nd3 Qe6 47. Rxf7 Qxf7 48. Bg6 Qc4 49. Qd2 Rb8 50. Ne5 Qa2 51. Be4 Rxb2 52. Ng6+ Kg8 53. Qe1 Rfb8 54. Bd5+ Qxd5 55. Ne7+ Kf7 56. Nxd5 Rb1 57. Kf1 a5 58. Ne3 Rxe1+ 59. Kxe1 a4 60. Nc4 Rb3 61. Kd2 a3 62. Kc2 a2 63. Kxb3 a1=Q 64. Ne5+ Ke6 65. g4 Kd5 66. Kc2 Ke4 67. f5 Qa2+ 68. Kc1 Ke3 69. Nc6 Qa1+ 0-1

[Event "26th Tamil Nadu IM-Norm Chennai 2024"]
[Site "Chennai"]
[Date "2024.09.02"]
[Round "5.3"]
[White "Gochelashvili, David"]
[Black "Daakshin Arun"]
[Result "1/2-1/2"]
[Annotator "TA"]
[ECO "B50"]
[WhiteElo "2230"]
[BlackElo "2290"]
[PlyCount "99"]
[EventDate "2024.08.30"]
[EventCountry "IND"]
[SourceTitle "playchess.com"]
[Source "ChessBase"]
[SourceQuality "1"]
[TimeControl "5400+30"]

1. e4 c5 2. Nf3 d6 3. Bb5+ Bd7 4. Bxd7+ Nxd7 5. O-O Ngf6 6. Qe2 e6 7. b3 g6 8. Bb2 Bg7 9. d4 cxd4 10. Bxd4 O-O 11. Rd1 a6 12. e5 dxe5 13. Nxe5 Qc7 14. c4 Rfd8 15. Nc3 Ne4 16. Nxf7 (16. Nxe4 {simplifies} Nxe5 17. Bc3 f5 18. Ng5) 16... Nxc3 17. Nh6+ Kh8 $1 18. Nf7+ (18. Qxe6 $5 Nc5 $8 19. Nf7+ Kg8 20. Nh6+ Kh8 21. Nf7+ Kg8 22. Nh6+ Kh8 $11) 18... Kg8 19. Qxe6 Nc5 $1 (19... Ne2+ $2 20. Qxe2 Re8 (20... Kxf7 $2 21. Bxg7 Kxg7 22. Qe7+ Kg8 23. Rd5 $18) 21. Qb2 $18) 20. Nh6+ Kh8 21. Bxc5 Bxh6 (21... Rxd1+ $2 {loses.} 22. Rxd1 $18) (21... Nxd1 $5 22. Nf7+ $8 Qxf7 23. Qxf7 Bxa1 $16) 22. Bb6 $132 {[%emt 0:00:32][%mdl 2048] White is fighting back} Ne2+ 23. Kf1 Rxd1+ 24. Rxd1 Nf4 (24... Qxh2 $2 {perishes.} 25. Kxe2 (25. Qxe2 $2 Qh1#) 25... Bg7 26. Bd8 Qh5+ 27. g4 Qe5+ 28. Qxe5 Bxe5 29. Rd7 $18) 25. Qf6+ Qg7 26. Qxg7+ Bxg7 27. Rd7 Kg8 28. Rxb7 a5 29. Be3 Nd3 30. Ke2 Nb4 31. a4 Nc6 32. c5 Rd8 33. Rc7 Nd4+ 34. Bxd4 Bxd4 $11 {[%emt 0:01:07][%mdl 4096] Endgame. KRB-KR} 35. c6 Be5 36. Ra7 {[%emt 0:01:20] The position is equal.} Bc3 37. Rd7 Rxd7 38. cxd7 {[%emt 0:00:02] KB-KP} Bf6 {[%emt 0:00:08] Strongly threatening ...Kf8.} 39. b4 Bd8 (39... axb4 $2 {too greedy.} 40. a5 $18) 40. bxa5 Bxa5 41. Kd3 {[%emt 0:00:04] [#] Black must now prevent Kc4.} Kf7 42. Kc4 {[%emt 0:00:35] Kb5 would now be deadly.} Ke7 43. Kb5 {[%emt 0:00:05] Prevents Bb6.} Bd8 44. Kc6 h6 45. f4 h5 46. g3 Ke6 47. h3 Ke7 48. g4 hxg4 49. hxg4 Ke6 50. f5+ {[%emt 0:02:21] An interesting draw.   Weighted Error Value: White=0.03 (flawless) /Black=0.03 (flawless) .  Inaccurate:     	White=1     	Black=1      OK:         	White=23    	Black=22     Best:        	White=3     	Black=4      Strong:       	---       	Black=2} 1/2-1/2

[Event "26th Tamil Nadu IM-Norm Chennai 2024"]
[Site "Chennai"]
[Date "2024.09.02"]
[Round "5.4"]
[White "Annageldyev, Orazly"]
[Black "Manik, Mikulas"]
[Result "1/2-1/2"]
[Annotator "TA"]
[ECO "A49"]
[WhiteElo "2271"]
[BlackElo "2320"]
[PlyCount "86"]
[EventDate "2024.08.30"]
[EventCountry "IND"]
[SourceTitle "playchess.com"]
[Source "ChessBase"]
[SourceQuality "1"]
[TimeControl "5400+30"]

1. d4 Nf6 2. Nf3 g6 3. g3 Bg7 4. Bg2 O-O 5. O-O c5 6. d5 b5 7. a4 b4 8. c4 bxc3 9. Nxc3 d6 10. h3 Ba6 11. Re1 Nbd7 12. e4 Rb8 {[%emt 0:00:27] [#]} 13. Nb5 $1 Bxb5 14. axb5 Rxb5 15. Rxa7 Qb6 16. Ra4 Ne8 17. Bf1 Rb4 18. Rxb4 Qxb4 19. Bg5 (19. Re3 $11) 19... Bf6 ({Not} 19... Bxb2 20. Bxe7 Nef6 21. Bxf8 (21. Bxd6 Ra8 $16) 21... Kxf8 22. Re3 $16) 20. Bxf6 exf6 21. Qe2 Nc7 22. Kg2 Kg7 23. Qd2 Rb8 24. Qxb4 Rxb4 25. Nd2 Ne5 (25... Nb6 $5 26. b3 $8 f5 $11) 26. b3 Rd4 27. Nc4 Nxc4 28. Bxc4 $11 {[%emt 0:00:40][%mdl 4096] Endgame. KRB-KRN} Na8 29. Kf3 Nb6 30. Rc1 (30. Ra1 $1 $11) 30... Nxc4 (30... f5 $15 31. exf5 gxf5) 31. bxc4 $15 {[%emt 0:00:32] KR-KR. The position is equal.} f5 32. exf5 gxf5 33. Ke3 f4+ 34. gxf4 Kf6 35. Ra1 Rxc4 {[%emt 0:01:14] [#] White must now prevent ...Rd4.} 36. Ra6 Kf5 {[%emt 0:00:48] aiming for ...Re4+.} 37. Rxd6 Rc3+ 38. Ke2 Ke4 39. Rf6 Kxd5 40. Rxf7 Rxh3 41. f5 c4 42. f6 {[%emt 0:00:54] Rd7+ would now be deadly.} Rh6 43. Rd7+ Ke5 {[%emt 0:00:21] A rather calm draw.   Weighted Error Value: White=0.10 (very precise) /Black=0.06 (flawless) .  Mistake:       	White=2     	Black=1      Inaccurate:     	White=1     	Black=2      OK:         	White=15    	Black=13     Best:        	White=3     	---} 1/2-1/2

[Event "26th Tamil Nadu IM-Norm Chennai 2024"]
[Site "Chennai"]
[Date "2024.09.02"]
[Round "5.5"]
[White "Vahidov, Tair"]
[Black "Lokesh, N.."]
[Result "1/2-1/2"]
[Annotator "TA"]
[ECO "D36"]
[WhiteElo "2345"]
[BlackElo "2222"]
[PlyCount "72"]
[EventDate "2024.08.30"]
[EventCountry "IND"]
[SourceTitle "playchess.com"]
[Source "ChessBase"]
[SourceQuality "1"]
[TimeControl "5400+30"]

1. d4 d5 2. c4 e6 3. Nc3 Nf6 4. Bg5 Nbd7 5. cxd5 exd5 6. e3 Be7 7. Bd3 O-O 8. Qc2 Re8 9. Nge2 c6 10. O-O Nf8 11. Rab1 a5 12. a3 g6 13. b4 axb4 14. axb4 b5 {[%emt 0:00:40] The position is equal.} 15. Bxf6 Bxf6 16. e4 dxe4 17. Bxe4 Ra6 (17... Bxd4 $2 {too greedy.} 18. Rbd1 (18. Bxc6 Bf5 $16) 18... Bxf2+ (18... Ne6 $2 19. Bxc6 Bd7 20. Bxa8 $18) 19. Rxf2 $18) 18. Rfd1 Bg4 19. h3 Bxe2 20. Nxe2 Qe7 21. Bxc6 Qxe2 22. Qxe2 Rxe2 23. Bxb5 Rea2 24. Bxa6 Rxa6 25. b5 Rb6 26. d5 Nd7 27. Rdc1 Rd6 (27... Rb8 $14) 28. Rc6 $16 Rxd5 {[%emt 0:00:07] [#]} 29. b6 $1 Be5 30. b7 {[%emt 0:02:41][%mdl 1024] White has strong compensation.} Kg7 31. Rc8 Bb8 32. Rd8 Kf6 $1 33. Re1 {[%emt 0:01:59] White is more active.} Bc7 $1 34. Rc8 Bd6 ({Black should try} 34... Bb8 $14) 35. g3 Re5 36. Rb1 Ke7 {[%emt 0:01:02] Weighted Error Value: White=0.07 (flawless) /Black=0.11 (very precise) .  Mistake:       	---       	Black=2      Inaccurate:     	White=2     	Black=1      OK:         	White=11    	Black=5      Strong:       	White=1     	Black=2} 1/2-1/2